 Dungeon Crawl Stone Soup version 0.30-a0-462-gd5975efbca (webtiles) character file.

Game seed: 10364541637436192014

90 porpoise the Sneak (level 4, -4/37 HPs)
             Began as a Demonspawn Delver on Dec 17, 2022.
             Killed by divine providence
             ... invoked by an orc priest
              (13 damage)
             ... on level 4 of the Dungeon.
             The game lasted 00:04:24 (440 turns).

porpoise the Sneak (Demonspawn Delver)               Turns: 440, Time: 00:04:25

Health: -4/37      AC:  5    Str: 15    XL:     4   Next: 32%
Magic:  4/4        EV: 11    Int: 11    God:
Gold:   28         SH:  0    Dex: 18    Spells: 3/3 levels left

rFire   + . .      SeeInvis +    b - +6 dagger "Idyprups" {drain, rC+ Dex+4 SInv}
rCold   + + .      Faith    .    (no shield)
rNeg    . . .      Spirit   .    j - +0 ring mail
rPois   +          Reflect  .    (no helmet)
rElec   +          Harm     .    (no cloak)
rCorr   +          Rampage  .    (no gloves)
Will    .....                    (no boots)
Stlth   +++.......               (no amulet)
HPRegen 0.26/turn                (no ring)
MPRegen 0.09/turn                (no ring)

@: resistant
A: sturdy frame 1
a: no special abilities


You were on level 4 of the Dungeon.
You visited 1 branch of the dungeon, and saw 2 of its levels.

You collected 28 gold pieces.

Inventory:

Hand Weapons
 a - a +0 hand axe
 b - the +6 dagger "Idyprups" (weapon) {drain, rC+ Dex+4 SInv}
   (You found it on level 4 of the Dungeon)

   A truly terrible weapon, it drains the life of any living foe it strikes.
   Dex:       It affects your dexterity (+4).
   rC:        It protects you from cold.
   SInv:      It lets you see invisible.
Armour
 j - a +0 ring mail (worn)
Wands
 f - a wand of light (3)
 g - a wand of digging (3)
Scrolls
 c - a scroll of fog
 d - a scroll of magic mapping
 e - a scroll of fear
 h - a scroll of noise {unknown}
 i - a scroll of blinking {unknown}
 k - a scroll of identify {unknown}


   Skills:
 + Level 3.8 Fighting
 * Level 3.5 Axes
 - Level 1.7 Dodging
 - Level 4.5 Stealth


You had 3 spell levels left.
You didn't know any spells.
Your spell library was empty.

Dungeon Overview and Level Annotations

Branches:
Dungeon (5/15)
 Temple: D:4-7

Altars:


Innate Abilities, Weirdness & Mutations

Your movements are slightly less encumbered by armour. (ER -2)


Message History

Found a leather armour.
Found 13 gold pieces.
You see here a +0 leather armour.
You now have 28 gold pieces (gained 13).
You hear the slow rusting of a drain nearby.
A hobgoblin comes into view.
An orc comes into view. It is wielding a +0 trident.
An orc and an orc priest come into view.
The hobgoblin shouts!
The orc shouts! x2; The orc priest shouts!
You hear a shout!
An orc priest comes into view. It is wielding a +0 whip.
The orc moves out of view.
The orc priest shouts!
You hit the hobgoblin.
You kill the hobgoblin!
The orc priest calls down the wrath of Beogh upon you.
Beogh smites you! The orc hits you with a +0 trident.
You hit the orc. You drain the orc.
You kill the orc!
The orc priest miscasts a cantrip.
You hit the orc.
The orc is severely wounded.
The orc priest calls down the wrath of Beogh upon you.
Beogh smites you! The orc hits you with a +0 short sword.
* * * LOW HITPOINT WARNING * * *
Okay, then.
The orc attacks as you move away! The orc hits you with a +0 short sword.
* * * LOW HITPOINT WARNING * * *
You barely miss the orc.
The orc is severely wounded.
The orc priest calls upon Beogh to heal the orc.
The orc's wounds heal themselves!
The orc hits you but does no damage.
Okay, then.
Okay, then.
Unknown command.
It was a potion of resistance.
You feel protected.
The orc priest invokes the aid of Beogh against you.
Beogh smites you!
You die...

#.....#.#.#.#.#.#.#.#.#.....
#...........................
#......#.#.#.#.#.#.#.#......
#.(.........................
###+#...#.#.#.#.#.#.#..[....
###.#..#[...................
.......#.#.#.#.#.#.#........
........#...................
.........).o@................
######.o.########+##...#.....
#...# ......#.#### #...#
#.......#.# # #..o#
.......##.# #...# ##+##.. .#
+.... ... #.o... #### #......


You could see an orc priest and an orc.

Vanquished Creatures
  A black bear (D:5)
  An orc (D:4)
  A hobgoblin (D:4)
3 creatures vanquished.

Notes
Turn   | Place    | Note
-------+----------+-------------------------------------------
     0 | D:5      | porpoise the Demonspawn Delver began the quest for the Orb.
     0 | D:5      | Reached XP level 1. HP: 18/18 MP: 1/1
    88 | D:5      | Noticed a black bear
    88 | D:5      | Noticed a sky beast
   122 | D:5      | Killed a black bear
   123 | D:5      | Gained mutation: Your movements are slightly less
                  | encumbered by armour. (ER -2) [demonic ancestry]
   123 | D:5      | Reached XP level 2. HP: 2/25 MP: 2/2
   123 | D:5      | Reached XP level 3. HP: 2/30 MP: 3/3
   123 | D:5      | Reached XP level 4. HP: 3/37 MP: 4/4
   320 | D:4      | Noticed an ogre
   321 | D:4      | Identified the +6 dagger "Idyprups" {drain, rC+ Dex+4 SInv}
   440 | D:4      | Killed from afar by an orc priest

Illustrated notes

Levels and vault maps discovered:
D:4:      layout_basic, lightli_sewer_entry_pipes, hex_large, uniq_duvessa
D:5:      cheibrodos_thug_alley, layout_basic, corexii_corridor_pit,
          uniq_blork_the_orc

Skill      XL: |  1 |
---------------+----+-----
Axes           | 3 |  3.5
Fighting       | |  3.8
Dodging        | |  1.7
Stealth        | |  4.5

Action                   |  1- 3 |  4- 6 || total
-------------------------+-------+-------++-------
Melee: Hand axe          |    15 |       ||    15
       Dagger            |       |     4 ||     4
  Use: Potion            |     2 |     1 ||     3
Armor: Leather armour    |     8 |       ||     8
       Ring mail         |       |     1 ||     1
Dodge: Dodged            |    17 |       ||    17

Table legend: (Time is in decaauts)
 A = Elapsed time spent in this place.
 B = Non-inter-level travel time spent in this place.
 C = Inter-level travel time spent in this place.
 D = Time resting spent in this place.
 E = Time spent auto-exploring this place.
 F = Levels seen in this place.
 G = Mean time per level.
                   A        B        C        D        E       F      G
               +--------+--------+--------+--------+--------+-----+--------+
         Total |    428 |    428 |      0 |    110 |    119 |   2 |  214.0 |
       Dungeon |    428 |    428 |      0 |    110 |    119 |   2 |  214.0 |
               +--------+--------+--------+--------+--------+-----+--------+

Top non-repeatable levels by time:
     D:5: 305 daAuts
     D:4: 123 daAuts
